 Dungeon Crawl Stone Soup version 0.29.1-15-g9cfb28693d (webtiles) character file.

Game seed: 1083691116134579272

394 Coron the Covered (level 7, -12/59 HPs)
             Began as a Meteoran Fighter on Mar 23, 2023.
             Was a Follower of Okawaru.
             Killed from afar by middlethird's ghost (26 damage)
             ... with a stone arrow
             ... on level 4 of the Dungeon.
             The game lasted 00:05:53 (1182 turns).

Coron the Covered (Meteoran Fighter)                Turns: 1182, Time: 00:05:54

Health: -12/59     AC: 10    Str: 19    XL:     7   Next: 31%
Magic:  8/8        EV:  9    Int: 11    God:    Okawaru [*.....]
Gold:   133        SH:  5    Dex: 13    Spells: 6/6 levels left

rFire   . . .      SeeInvis .   a - +0 war axe
rCold   . . .      Faith    .   c - +0 buckler
rNeg    . . .      Spirit   .   b - +0 scale mail
rPois   .          Reflect  .   (no helmet)
rElec   .          Harm     .   d - +0 cloak
rCorr   .          Rampage  .   o - +0 pair of gloves "Kuif" {Will+}
Will    +....                   (no boots)
Stlth   ..........              (no amulet)
HPRegen 0.19/turn               (no ring)
MPRegen 0.11/turn               (no ring)

@: glowing
A: sense surroundings 1, otherworldly, glowing, explore regen
a: Renounce Religion, Heroism


You were on level 4 of the Dungeon.
You worshipped Okawaru.
Okawaru was aware of your devotion.
You visited 1 branch of the dungeon, and saw 4 of its levels.

You collected 133 gold pieces.

Inventory:

Hand Weapons
 a - a +0 war axe (weapon)
Missiles
 f - 3 curare-tipped darts (quivered)
Armour
 b - a +0 scale mail (worn)
 c - a +0 buckler (worn)
 d - a +0 cloak (worn)
 j - a +1 pair of gloves
 o - the +0 pair of gloves "Kuif" (worn) {Will+}
   (You found it on level 4 of the Dungeon)

   Will:      It increases your willpower.
Jewellery
 g - a ring of fire
Scrolls
 h - a scroll of teleportation {unknown}
 i - a scroll of blinking {unknown}
 l - a scroll of torment {unknown}
 m - a scroll of poison {unknown}
 n - a scroll of fear {unknown}
Potions
 e - a potion of ambrosia {unknown}
 k - a potion of curing {unknown}


   Skills:
 - Level 4.0 Fighting
 + Level 5.5 Axes
 - Level 6.0 Armour
 - Level 5.0 Shields


You had 6 spell levels left.
You didn't know any spells.
Your spell library was empty.

Dungeon Overview and Level Annotations

Branches:
Dungeon (4/15) Zot: 1161
 Temple: D:4-7

Altars:
Okawaru

Shops:
D:3 =

Annotations:
D:4 middlethird's ghost, novice MeEE


Innate Abilities, Weirdness & Mutations

You passively map a small area around you.
You are easily found by Zot.
You glow in the dark.
You regain HP and MP as you explore.


Message History

You slash middlethird's ghost!
Middlethird's ghost is moderately damaged.
You block middlethird's ghost's attack.
You hit middlethird's ghost.
Middlethird's ghost is heavily damaged.
Middlethird's ghost barely misses you.
You slash middlethird's ghost!
Middlethird's ghost is heavily damaged.
Middlethird's ghost hits you but does no damage.
You slash middlethird's ghost!
Middlethird's ghost is severely damaged.
Middlethird's ghost barely misses you.
You hit middlethird's ghost.
Middlethird's ghost is severely damaged.
Middlethird's ghost hits you.
Middlethird's ghost hits you but does no damage.
You miss middlethird's ghost.
Middlethird's ghost is severely damaged.
Middlethird's ghost hits you but does no damage.
You hit middlethird's ghost.
Middlethird's ghost is almost destroyed.
Middlethird's ghost hits you but does no damage.
You miss middlethird's ghost.
Middlethird's ghost is severely damaged.
Middlethird's ghost points at you and mumbles some strange words.
The stone arrow hits you!!
Ouch! That really hurt!
You closely miss middlethird's ghost.
Middlethird's ghost is severely damaged.
Middlethird's ghost hits you but does no damage.
Middlethird's ghost hits you!
* * * LOW HITPOINT WARNING * * *
You miss middlethird's ghost.
Middlethird's ghost is severely damaged.
Middlethird's ghost hits you but does no damage.
You closely miss middlethird's ghost.
Middlethird's ghost is severely damaged.
Middlethird's ghost points at you and mumbles some strange words.
The stone arrow hits you!!
You die...

................. ,
,...........).... ,,
* #..............#* ,
#..............# ,
#......†.......# , ,
*#*####...........#
,,
#~##.#(..........#* *
###...#..####.....#
,,
#.~~..#@....#.....#
##≈.#.W.....'.....+
#.$...'.....#.....#
##..⌠≈#.....#.....#
,, * *
#.#~≈#.....#.....## ,
,*##.~###....#......#
, ### #.....#......#
, .......#......# * ,
.......+......#


You could see middlethird's ghost.

Vanquished Creatures
  5 wights (D:3)
  2 iguanas (D:4)
  3 adders (D:2)
  An ufetubus (D:3)
  A worm (D:2)
  A dart slug (D:3)
  An orc (D:3)
  An endoplasm (D:2)
  3 giant cockroaches
  3 goblins
  3 hobgoblins
  4 jackals (D:1)
  3 kobolds
  3 quokkas
  3 ball pythons
  6 bats
  4 frilled lizards
  2 rats (D:2)
49 creatures vanquished.

Notes
Turn   | Place    | Note
-------+----------+-------------------------------------------
     0 | D:1      | Coron the Meteoran Fighter began the quest for the Orb.
     0 | D:1      | Reached XP level 1. HP: 19/19 MP: 2/2
   139 | D:1      | Reached XP level 2. HP: 24/26 MP: 3/3
   172 | D:1      | Reached XP level 3. HP: 24/31 MP: 4/4
   209 | D:1      | Reached skill level 4 in Armour
   378 | D:2      | Found an iron altar of Okawaru.
   389 | D:2      | Became a worshipper of Warmaster Okawaru
   550 | D:2      | Reached XP level 4. HP: 37/40 MP: 5/5
   814 | D:3      | Noticed a wight
   817 | D:3      | Noticed a wight
   821 | D:3      | Found Wolaes's Jewellery Boutique.
   827 | D:3      | Noticed a wight
   827 | D:3      | Noticed a wight
   827 | D:3      | Noticed a wight
   832 | D:3      | Killed a wight
   833 | D:3      | Reached XP level 5. HP: 31/46 MP: 6/6
   834 | D:3      | Reached skill level 5 in Axes
   834 | D:3      | Reached XP level 6. HP: 26/52 MP: 7/7
   836 | D:3      | Reached * piety under Okawaru
   837 | D:3      | Reached skill level 5 in Armour
   838 | D:3      | HP: 1/51 [wight/+2 falchion of draining (2)]
   840 | D:3      | Reached skill level 6 in Armour
   841 | D:3      | Reached XP level 7. HP: 2/59 MP: 8/8
  1039 | D:3      | Reached skill level 5 in Shields
  1138 | D:4      | Found a large runed translucent door.
  1139 | D:4      | Found a large runed translucent door.
  1143 | D:4      | Noticed middlethird's ghost (novice MeEE)
  1146 | D:4      | Identified the +0 pair of gloves "Kuif" {Will+}
  1182 | D:4      | Killed from afar by middlethird's ghost

Illustrated notes

Levels and vault maps discovered:
D:1:      dpeg_arrival_central, layout_basic, shapermc_ecumenical_altar_ellora
D:2:      layout_loops_ring, basic_altar
D:3:      layout_basic, serial_shops, nicolae_shop_stone
D:4:      layout_gridville, yredelemnul_altar_generic,
          ebering_ghost_disaster_area

Skill      XL: |  1  2  3  4  5  6  7 |
---------------+----------------------+-----
Shields        | 4 5 |  5.0
Armour         | 4 6 |  6.0
Axes           | 3 4 5 |  5.5
Fighting       | 4 |  4.0

Action                   |  1- 3 |  4- 6 |  7- 9 || total
-------------------------+-------+-------+-------++-------
Melee: War axe           |    66 |    53 |    37 ||   156
  Use: Potion            |       |     1 |       ||     1
Armor: Scale mail        |    70 |    33 |    14 ||   117
Dodge: Dodged            |    49 |    22 |     8 ||    79
Block: Buckler           |    18 |    16 |     4 ||    38
